 Dungeon Crawl Stone Soup version 0.31-a0-986-g5e6e4ef867 (webtiles) character file.

Game seed: 11676429683034144166

47 Curundu the Cudgeller (level 3, -2/36 HPs)
             Began as a Troll Berserker on Nov 8, 2023.
             Was a Follower of Trog.
             Succumbed to a goblin's curare-tipped dart
             ... on level 2 of the Dungeon.
             The game lasted 00:11:32 (2128 turns).

Curundu the Cudgeller (Troll Berserker)             Turns: 2128, Time: 00:11:33

Health: -2/36      AC:  8    Str: 25    XL:     3   Next: 48%
Magic:  2/2        EV: 10    Int:  3    God:    Trog [*.....]
Gold:   96         SH:  0    Dex: 11    Spells: 2/2 levels left

rFire   . . .        a - +0 mace
rCold   . . .        (no shield)
rNeg    . . .        b - +0 animal skin
rPois   .            (helmet restricted)
rElec   .            (no cloak)
rCorr   .            (gloves unavailable)
SInv    .            (boots unavailable)
Will    .....        (no amulet)
Stlth   +            g - +4 ring of protection
HPRegen 1.06/turn    (no ring)
MPRegen 0.08/turn

%: no passive effects
@: lethally poisoned (-2 -> -20), slowed, very slow
A: large, unfitting armour, claws 3, regeneration 1, shaggy fur 1, tough skin 1
a: Renounce Religion, Berserk


You were on level 2 of the Dungeon.
You worshipped Trog.
Trog was aware of your devotion.
You visited 1 branch of the dungeon, and saw 2 of its levels.

You collected 96 gold pieces.

Inventory:

Hand Weapons
 a - a +0 mace (weapon)
Armour
 b - a +0 animal skin (worn)
Jewellery
 d - an amulet of magic regeneration
 g - a +4 ring of protection (left claw)
Scrolls
 c - 2 scrolls of identify {unknown}
 e - 3 scrolls of enchant armour {unknown}
 h - a scroll of summoning {unknown}
Potions
 f - a potion of enlightenment {unknown}


   Skills:
 + Level 2.7 Fighting
 + Level 3.4 Maces & Flails
 + Level 2.8 Dodging
 + Level 0.2 Stealth


You had 2 spell levels left.
You didn't know any spells.
Your spell library contained the following spells:

 Spells                   Type           Power      Damage    Failure   Level
 Stone Arrow              Conj/Erth      0%         3d7       88%         3
 Animate Armour           Summ/Erth      0%         N/A       99%         4
 Lehudib's Crystal Spear  Conj/Erth      0%         10d2      100%        8


Dungeon Overview and Level Annotations

Branches:
Dungeon (2/15)

Altars:


Innate Abilities, Weirdness & Mutations

You are too large for most types of armour.
You have claws for hands.
Your natural rate of healing is unusually fast.
You are covered in fur. (AC +1)
You have tough skin. (AC +1)


Message History

The quokka closely misses you.
You completely miss the quokka. The quokka misses you.
The quokka bites you but does no damage.
You closely miss the quokka. The quokka bites you.
You hit the quokka but do no damage.
The quokka bites you but does no damage. x2
You barely miss the quokka. The quokka barely misses you.
The quokka bites you but does no damage.
You hit the quokka.
The quokka is lightly wounded.
The quokka bites you but does no damage.
You hit the quokka but do no damage.
The quokka is lightly wounded.
The quokka bites you but does no damage.
The quokka closely misses you.
You barely miss the quokka.
The quokka is lightly wounded.
The quokka barely misses you.
You hit the quokka.
You kill the quokka!
Trog accepts your kill.
Okay, then.
A goblin comes into view.
It is wielding a +0 club and quivering curare-tipped darts.
The goblin shouts!
The goblin throws a curare-tipped dart.
The curare-tipped dart hits you.
You are poisoned.
You have difficulty breathing.
You feel yourself slow down.
You feel very sick.
The goblin throws a curare-tipped dart.
The curare-tipped dart hits you.
You are more poisoned.
You have difficulty breathing.
You feel as though you will be slow longer.
You feel extremely sick.
The goblin throws a curare-tipped dart.
The curare-tipped dart hits you.
You are lethally poisoned!
You have difficulty breathing.
* * * LOW HITPOINT WARNING * * *
You feel as though you will be slow longer.
As you open the door, it creaks loudly!
You die...

###......#
###.#......
#........# #.########
#.....g..#######.#
#.(.......#......####
######....#.#.......#
#....#.#†..###.#
#...........# #
########...#.......#
#.........@'...)...#
#.###......##......#
#.# #...#####......#
#.# ##### #......#
#.# ###+#..# #.######
##.# ####......# .#
#.........#
#.........#####...


You could see a goblin.

Vanquished Creatures
  A worm (D:2)
  2 dart slugs
  3 bats
  3 endoplasms (D:1)
  A giant cockroach (D:1)
  2 hobgoblins (D:1)
  4 quokkas
  6 ball pythons
  2 frilled lizards
  6 goblins
  5 kobolds (D:1)
  3 rats
38 creatures vanquished.

Notes
Turn   | Place    | Note
-------+----------+-------------------------------------------
     0 | D:1      | Curundu the Troll Berserker began the quest for the Orb.
     0 | D:1      | Reached XP level 1. HP: 22/22 MP: 0/0
   127 | D:1      | Reached skill level 3 in Maces & Flails
   129 | D:1      | Reached XP level 2. HP: 29/29 MP: 1/1
   853 | D:1      | Reached XP level 3. HP: 36/36 MP: 2/2
  1135 | D:1      | Found a faded altar of an unknown god.
  2128 | D:2      | Succumbed to a goblin's curare-tipped dart

Illustrated notes

Levels and vault maps discovered:
D:1:      lemuel_arrival_room, layout_basic, shapermc_ecumenical_altar_ellora
D:2:      layout_basic, serial_shops, nicolae_shop_overgrown_old_shop

Skill      XL: |  1 |
---------------+----+-----
Maces & Flails | 3 |  3.4
Fighting       | |  2.7
Dodging        | |  2.8
Stealth        | |  0.2

Action                     || total
---------------------------++-------
  Melee: Mace              ||   163
 Armour: Animal skin       ||    91
  Dodge: Dodged            ||    89

Table legend: (Time is in decaauts)
 A = Elapsed time spent in this place.
 B = Non-inter-level travel time spent in this place.
 C = Inter-level travel time spent in this place.
 D = Time resting spent in this place.
 E = Time spent auto-exploring this place.
 F = Levels seen in this place.
 G = Mean time per level.
                   A        B        C        D        E       F      G
               +--------+--------+--------+--------+--------+-----+--------+
         Total |   2168 |   2168 |      0 |    310 |      0 |   2 | 1084.0 |
       Dungeon |   2168 |   2168 |      0 |    310 |      0 |   2 | 1084.0 |
               +--------+--------+--------+--------+--------+-----+--------+

Top non-repeatable levels by time:
     D:1: 1695 daAuts
     D:2: 473 daAuts
